 Dungeon Crawl Stone Soup version 0.29.1 (webtiles) character file.

Game seed: 14079922822497463165

256 Powertoast the Magician (level 6, -10/45 HPs)
             Began as a Djinni Ice Elementalist on Sept 13, 2022.
             Mangled by Edmund
             ... wielding a +4 dire flail of protection
              (15 damage)
             ... on level 3 of the Dungeon.
             The game lasted 00:09:16 (3517 turns).

Powertoast the Magician (Djinni Ice Elementalist)   Turns: 3517, Time: 00:09:16

Health: -10/45     AC:  2    Str:  7    XL:     6   Next: 39%
Gold:   87         EV: 12    Int: 25    God:
                   SH:  0    Dex: 13

rFire   + + .      SeeInvis .   i - +0 staff of Battle
rCold   x . .      Faith    .   (no shield)
rNeg    . . .      Spirit   .   a - +0 robe
rPois   ∞          Reflect  .   (no helmet)
rElec   .          Harm     .   (no cloak)
rCorr   .          Rampage  .   (no gloves)
Will    .....                   (boots unavailable)
Stlth   ++........              (no amulet)
HPRegen 0.15/turn               d - +6 ring of intelligence
MPRegen 0.00/turn               (no ring)

@: flying
A: sickness immunity, fire resistance 2, cold vulnerability 1, float, innate
caster, HP casting, extra vitality 1
a: no special abilities


You were on level 3 of the Dungeon.
You visited 1 branch of the dungeon, and saw 4 of its levels.

You collected 87 gold pieces.

Inventory:

Hand Weapons
 b - a +0 long sword
 i - the +0 staff of Battle (weapon)
   (You found it on level 2 of the Dungeon)

   It enhances your conjuration magic.
   It summons a battlesphere in combat, with strength depending on Conjurations
   skill.
   Its strikes trigger the battlesphere's blasts.
Missiles
 j - 4 atropa-tipped darts
Armour
 a - a +0 robe (worn)
Jewellery
 d - a +6 ring of intelligence (left hand)
Wands
 m - a wand of mindburst (20)
 r - a wand of flame (14)
Scrolls
 e - 2 scrolls of noise {unknown}
 g - 2 scrolls of fear {unknown}
 h - 2 scrolls of teleportation {unknown}
 l - 3 scrolls of identify {unknown}
 n - 2 scrolls of poison {unknown}
 o - a scroll of silence {unknown}
 q - a scroll of enchant weapon {unknown}
Potions
 c - 3 potions of heal wounds
 f - a potion of ambrosia {unknown}
 k - a potion of cancellation {unknown}
 p - 2 potions of brilliance {unknown}


   Skills:
 + Level 2.8 Fighting
 - Level 2.1 Dodging
 - Level 1.5 Stealth
 * Level 4.8 Spellcasting
 + Level 1.9 Evocations


You couldn't memorise any spells.
You knew the following spells:

 Your Spells              Type           Power      Damage    Failure   Level
a - Freeze                Ice            100%       1d11      1%          1
b - Frozen Ramparts       Ice            60%        1d10      3%          3
c - Ozocubu's Armour      Ice            30%        N/A       3%          3
d - Hailstorm             Conj/Ice       45%        3d10      12%         4
e - Sandblast             Erth           60%        2d14      1%          1
f - Call Imp              Summ           30%        N/A       1%          2
Your spell library was empty.

Dungeon Overview and Level Annotations

Branches:
Dungeon (4/15)
 Temple: D:4-7

Altars:
Hepliaklqana

Annotations:
D:3 Edmund


Innate Abilities, Weirdness & Mutations

You are immune to sickness and miasma.
You are immune to poison.
Your flesh is very heat resistant. (rF++)
You are vulnerable to cold. (rC-)
You float through the air rather than walking.
You learn spells naturally, not from books.
Your magical power is your life essence.
You have superior vitality. (+4 MHP)


Message History

The white imp gestures at you. The puff of frost hits you!
You feel a terrible chill!
The blast of sand hits the white imp!
You kill the white imp!
You can't see any susceptible monsters within range! (Use Z to cast anyway.) Edmund the Younger comes into view.
He is wielding a +4 dire flail of protection.
There is a stone staircase leading up here.
You fly upwards.
Your summoned ally is left behind.
Your battlesphere wavers and loses cohesion.
There is a stone staircase leading down here.
You start resting.
HP restored.
You fly downwards.
Level annotation: Edmund You conjure a globe of magical energy.
Edmund hits you with a +4 dire flail of protection! x2
* * * LOW HITPOINT WARNING * * *
There is a stone staircase leading up here.
It was a potion of heal wounds.
You feel much better.
Edmund hits you with a +4 dire flail of protection!
Edmund closely misses you.
You fly upwards.
Your summoned ally is left behind.
Your battlesphere wavers and loses cohesion.
You conjure a globe of magical energy.
There is a stone staircase leading down here.
Edmund says, "A flail is better than a scythe, any day of the week!"
Edmund hits you with a +4 dire flail of protection!
* * * LOW HITPOINT WARNING * * *
Edmund attacks as you move away! Edmund barely misses you.
Edmund says, "People accused me of being a cutpurse!"
Edmund attacks as you move away!
Edmund hits you with a +4 dire flail of protection.
* * * LOW HITPOINT WARNING * * *
There is a stone staircase leading up here.
Edmund says, "People think my brother is the best.
I think he's crazy."
Edmund attacks as you move away! Edmund barely misses you.
Edmund attacks as you move away! Edmund barely misses you.
Edmund attacks as you move away!
Edmund hits you with a +4 dire flail of protection!
You die...

#.###.###.#.# #.# # #.# #.....#.#
##.## # #.###.#####.# ####...####
# #.....# ##.## #>...#....# #
###.######.#.###.##...##.# #
#.....#.###.##.#.###.#.# #
##.#.#.##.#...*..## ##..# #
##.###...##...##@.# #..# # #.##
##.......##@.## ##..########
##.###...####.##.#.###...........
##.#.#.## #.##<##...##.########
##.##.# #.##.####.##.# #.##.#
#............#
#.##.##########.##.####
#.##.........##.##.#
#.##########.......# #.#
#.....####


You could see Edmund and a friendly battlesphere.

Vanquished Creatures
  A phantom (D:3)
  Jessica (D:2)
  Natasha (thrice) (D:3)
  2 adders (D:3)
  A white imp (D:4)
  2 worms
  3 dart slugs (D:1)
  6 ball pythons
  4 endoplasms
  2 giant cockroaches (D:2)
  3 goblins (D:1)
  4 hobgoblins
  4 jackals (D:2)
  3 quokkas
  3 bats
  A frilled lizard (D:2)
  3 kobolds
  7 rats
53 creatures vanquished.

Vanquished Creatures (others)
  A plant (D:1)
1 creature vanquished.

Grand Total: 54 creatures vanquished

Notes
Turn   | Place    | Note
-------+----------+-------------------------------------------
     0 | D:1      | Powertoast the Djinni Ice Elementalist began the quest for
                  | the Orb.
     0 | D:1      | Powertoast set off with the following spells memorised:
                  | Freeze, Frozen Ramparts, Ozocubu's Armour, Hailstorm.
     0 | D:1      | Reached XP level 1. HP: 15/15 MP: 0/0
   341 | D:1      | Reached XP level 2. HP: 22/22 MP: 0/0
   563 | D:1      | Reached skill level 1 in Fighting
  1006 | D:1      | Reached XP level 3. HP: 14/27 MP: 0/0
  1006 | D:1      | Learned a level 1 spell: Sandblast
  1577 | D:2      | Found the +0 staff of Battle
  1701 | D:2      | Noticed Jessica
  1708 | D:2      | Killed Jessica
  1709 | D:2      | Reached skill level 4 in Spellcasting
  1709 | D:2      | Reached XP level 4. HP: 31/33 MP: 0/0
  1969 | D:2      | Found a hazy altar of Hepliaklqana.
  2467 | D:3      | Reached XP level 5. HP: 34/38 MP: 0/0
  2467 | D:3      | Learned a level 2 spell: Call Imp
  2532 | D:3      | Noticed a phantom
  2541 | D:3      | Killed a phantom
  2542 | D:3      | Reached skill level 1 in Evocations
  3074 | D:3      | Noticed Natasha
  3079 | D:3      | Killed Natasha
  3080 | D:3      | Reached XP level 6. HP: 35/45 MP: 0/0
  3266 | D:3      | Noticed Natasha
  3271 | D:3      | Killed Natasha
  3322 | D:3      | Noticed Natasha
  3324 | D:3      | Killed Natasha
  3369 | D:4      | Noticed Edmund
  3517 | D:3      | Mangled by Edmund

Illustrated notes

Levels and vault maps discovered:
D:1:      minmay_arrival_shoal_huts, layout_basic, serial_bayou_lake_a
D:2:      layout_basic, basic_altar, guppyfry_early_lair_pool, uniq_jessica
D:3:      layout_loops_ring, uniq_natasha
D:4:      layout_cave_pods, gammafunk_temple_overflow_pools,
          minmay_temple_entry_glass, serial_column_ruins,
          column_ruins_corridor_corner, column_ruins_open_large,
          column_ruins_corridor_corner, column_ruins_columns_straight,
          column_ruins_corridor_straight, uniq_edmund

Skill      XL: |  1  2  3  4  5 |
---------------+----------------+-----
Fighting       | 1 2 |  2.8
Spellcasting   | 4 |  4.8
Evocations     | 1 |  1.9
Dodging        | |  2.1
Stealth        | |  1.5

Action                   |  1- 3 |  4- 6 || total
-------------------------+-------+-------++-------
Melee: Long sword        |    21 |       ||    21
       Staff             |     8 |     4 ||    12
       Punch             |     1 |       ||     1
 Cast: Freeze            |    16 |     4 ||    20
       Sandblast         |    10 |    39 ||    49
       Frozen Ramparts   |       |     2 ||     2
       Ozocubu's Armour  |       |     1 ||     1
       Call Imp          |       |     1 ||     1
  Use: Potion            |       |     1 ||     1
 Stab: Sleeping          |     2 |       ||     2
Armor: Robe              |    11 |     5 ||    16
Dodge: Dodged            |    22 |    20 ||    42
